 Dungeon Sprint DCSS version 0.26-a0-667-g92642533e4 (webtiles) character file.

Game seed: 18167115036994781358

9375 mhtbhm the Sorcerer (level 11, -30/55 HPs)
             Began as a Deep Elf Earth Elementalist on Oct 16, 2020.
             Was the Champion of Vehumet.
             Killed from afar by an orc sorcerer (38 damage)
             ... with a bolt of negative energy
             ... in the Dungeon (Sprint IX: "|||||||||||||||||||||||||||||").
             The game lasted 00:07:11 (2439 turns).

mhtbhm the Sorcerer (Deep Elf Earth Elementalist)   Turns: 2439, Time: 00:07:12

Health: -30/55     AC:  8    Str:  5    XL:     11   Next: 22%
Magic:  31/38      EV: 17    Int: 27    God:    Vehumet [******]
Gold:   1286       SH:  0    Dex: 15    Spells: 35/53 levels left

rFire    . . .     SeeInvis .   m - +4 quarterstaff (speed)
rCold    . . .     Faith    .   (shield currently unavailable)
rNeg     . . .     Spirit   .   c - +0 robe
rPois    .         Reflect  .   o - +0 helmet
rElec    .         Harm     .   x - +0 cloak
rCorr    .         Rampage  .   w - +0 pair of gloves
MR       +....     NoTele   +   n - +0 pair of boots
Stlth    +++.......             (no amulet)
HPRegen  0.18/turn              p - +3 ring of intelligence
MPRegen  0.26/turn              q - +2 ring of protection

@: drained
A: no striking features
a: Renounce Religion


You were in the Dungeon.
You worshipped Vehumet.
Vehumet was exalted by your worship.
You visited 1 branch You collected 1286 gold pieces.

Inventory:

Hand Weapons
 m - a +4 quarterstaff of speed (weapon)
Missiles
 b - 32 stones
 r - 10 curare-tipped darts (quivered)
Armour
 c - a +0 robe (worn)
 n - a +0 pair of boots (worn)
 o - a +0 helmet (worn)
 w - a +0 pair of gloves (worn)
 x - a +0 cloak (worn)
Jewellery
 p - a +3 ring of intelligence (left hand)
 q - a +2 ring of protection (right hand)
 v - an uncursed amulet of reflection
Wands
 l - a wand of acid (8)
Scrolls
 i - 3 scrolls of blinking
 j - 4 scrolls of remove curse
 k - 2 scrolls of amnesia
 t - 2 scrolls of fear
 u - a scroll of fog
Potions
 a - a potion of invisibility
 d - 6 potions of curing
 e - 6 potions of heal wounds
 f - 3 potions of haste
 g - 4 potions of magic
 h - a potion of berserk rage
 s - 2 potions of might


   Skills:
 + Level 0.8(0.1) Fighting
 + Level 1.0(0.3) Staves
 + Level 8.3(7.4) Dodging
 + Level 5.9(5.1) Stealth
 + Level 21.7(20.5) Spellcasting
 + Level 1.7(1.0) Conjurations
 + Level 3.6(2.8) Transmutations
 + Level 19.2(18.1) Earth Magic
 + Level 0.6(0.0) Evocations


You had 35 spell levels left.
You knew the following spells:

 Your Spells              Type           Power        Failure   Level
a - Sandblast             Erth           ######       0%          1
b - Passwall              Tmut/Erth      ######..     1%          2
c - Stone Arrow           Conj/Erth      ######       1%          3
d - Lee's Rapid Deconstr  Erth           #######...   0%          5
e - Petrify               Tmut/Erth      ######..     1%          4
f - Inner Flame           Hex/Fire       ####....     1%          3

Your spell library contained the following spells:

 Spells                   Type           Power        Failure   Level
 Iskenderun's Battlesphe  Conj           ####....     7%          5


Dungeon Overview and Level Annotations

Branches:
Dungeon (1/1)

Altars:
Cheibriados
Dithmenos
Elyvilon
Fedhas
Gozag
Hepliaklqana
Kikubaaqudgha
Makhleb
Nemelex Xobeh
Okawaru
Qazlal
Ru
Sif Muna
Trog
Uskayaw
Vehumet
Wu Jian
Xom
Yredelemnul
Zin
The Shining One
Beogh
Jiyva
Lugonu

Shops:
D (


Message History

Casting: Lee's Rapid Deconstruction (safe; 1% risk of failure)
Confirm with . or Enter, or press ? or * to list all spells.
Aiming: Lee's Rapid Deconstruction (safe; 1% risk of failure)
Press: ? - help, Dir - move target cursor, p - sun demon An open door to Orc:2.
The stone door frame shatters!
The blast of rock fragments hits the sun demon!!
The sun demon is severely wounded.
The blast of rock fragments hits the orc sorcerer!!!
You kill the orc sorcerer!
Vehumet accepts your kill.
You feel your power returning. The sun demon hits you!
You are engulfed in flames!!
* * * LOW HITPOINT WARNING * * *
The orc sorcerer points at you and mumbles some strange words.
The bolt of negative energy hits the sun demon.
The sun demon completely resists.
The bolt of negative energy hits you!!!
You feel drained.
Ouch! That really hurt!
You die...

___________________').)...[..)...
▓▓▓▓▓▓▓▓▓▓▓▓▓▓▓▓▓▓▓▓▓▓▓▓▓▓▓▓▓▓▓▓▓
.................................
▓▓▓▓▓▓▓▓▓▓▓▓▓▓▓▓▓▓▓▓▓▓▓▓▓▓▓▓▓▓▓▓▓
.........'........†'†.†.....(..?'
▓▓▓▓▓▓▓▓▓▓▓▓▓▓▓▓▓▓▓▓▓▓▓▓▓▓▓▓▓▓▓▓▓
.................................
▓▓▓▓▓▓▓▓▓▓▓▓▓▓▓▓▓▓▓▓▓▓▓▓▓▓▓▓▓▓▓▓▓
....))))........@3))oooo∩
▓▓▓▓▓▓▓▓▓▓▓▓▓▓▓▓▓▓▓▓▓▓▓▓▓


You could see 3 orc high priests, a sun demon (summoned) and an orc sorcerer
(corroded).

Vanquished Creatures
  2 hydras (D)
  A two-headed ogre (D)
  Sonja (D)
  An orc sorcerer (D)
  An elephant (D)
  A black mamba (D)
  A gargoyle (D)
  A cane toad (D)
  3 komodo dragons (D)
  An efreet (D)
  A polar bear (D)
  A tyrant leech (D)
  A hornet (D)
  A wyvern (D)
  4 yaks (D)
  A basilisk (D)
  A vampire mosquito (D)
  3 water moccasins (D)
  12 orc warriors (D)
  An ice beast (D)
  A black bear (D)
  2 wolves (D)
  An ogre (D)
  7 bullfrogs (D)
  A gnoll sergeant (D)
  A hound (D)
  3 orc priests (D)
  2 orc wizards (D)
  An iguana (D)
  An ufetubus (D)
  9 orcs (D)
  A ball python (D)
  A bat skeleton (D)
  2 goblins (D)
  A hobgoblin (D)
  A frilled lizard (D)
  2 rats (D)
76 creatures vanquished.

Notes
Turn   | Place    | Note
-------+----------+-------------------------------------------
     0 | D        | mhtbhm the Deep Elf Earth Elementalist began the quest for
                  | the Orb.
     0 | D        | Reached XP level 1. HP: 10/10 MP: 6/6
   190 | D        | Noticed an ogre
   194 | D        | Reached skill level 4 in Spellcasting
   194 | D        | Reached XP level 2. HP: 10/15 MP: 3/9
   195 | D        | Killed an ogre
   195 | D        | Reached skill level 6 in Spellcasting
   195 | D        | Reached XP level 3. HP: 13/19 MP: 2/12
   195 | D        | Reached XP level 4. HP: 16/24 MP: 2/14
   293 | D        | Learned a level 2 spell: Passwall
   297 | D        | Learned a level 3 spell: Stone Arrow
   301 | D        | Found a roughly hewn altar of Beogh.
   301 | D        | Found a snail-covered altar of Cheibriados.
   301 | D        | Found a shadowy altar of Dithmenos.
   301 | D        | Found a white marble altar of Elyvilon.
   301 | D        | Found a blossoming altar of Fedhas.
   301 | D        | Found an opulent altar of Gozag.
   302 | D        | Found a hazy altar of Hepliaklqana.
   303 | D        | Found a viscous altar of Jiyva.
   304 | D        | Found an ancient bone altar of Kikubaaqudgha.
   305 | D        | Found a corrupted altar of Lugonu.
   306 | D        | Found a burning altar of Makhleb.
   307 | D        | Found a sparkling altar of Nemelex Xobeh.
   308 | D        | Found an iron altar of Okawaru.
   309 | D        | Found a stormy altar of Qazlal.
   310 | D        | Found a sacrificial altar of Ru.
   311 | D        | Found a shimmering blue altar of Sif Muna.
   312 | D        | Found a bloodstained altar of Trog.
   313 | D        | Found a hide-covered altar of Uskayaw.
   314 | D        | Found a radiant altar of Vehumet.
   315 | D        | Found an ornate altar of the Wu Jian Council.
   316 | D        | Found a shimmering altar of Xom.
   317 | D        | Found a basalt altar of Yredelemnul.
   318 | D        | Found a glowing silver altar of Zin.
   319 | D        | Found a glowing golden altar of the Shining One.
   322 | D        | Became a worshipper of Vehumet
   462 | D        | Noticed a gnoll sergeant
   462 | D        | Noticed a hornet
   462 | D        | Noticed a yak
   462 | D        | Noticed a bullfrog
   462 | D        | Noticed a two-headed ogre
   462 | D        | Noticed an ice beast
   468 | D        | Killed a gnoll sergeant
   468 | D        | Reached skill level 5 in Dodging
   468 | D        | Reached skill level 7 in Spellcasting
   468 | D        | Reached XP level 5. HP: 28/28 MP: 11/17
   469 | D        | Killed a hornet
   469 | D        | Reached skill level 5 in Stealth
   469 | D        | Reached skill level 10 in Spellcasting
   469 | D        | Reached skill level 10 in Earth Magic
   469 | D        | Reached XP level 6. HP: 32/32 MP: 11/21
   529 | D        | Learned a level 5 spell: Lee's Rapid Deconstruction
   534 | D        | Learned a level 4 spell: Petrify
   539 | D        | Killed a two-headed ogre
   539 | D        | Reached * piety under Vehumet
   539 | D        | Offered knowledge of Freeze by Vehumet.
   539 | D        | Reached skill level 13 in Spellcasting
   539 | D        | Reached XP level 7. HP: 36/36 MP: 1/25
   540 | D        | Killed a yak
   540 | D        | Reached XP level 8. HP: 41/41 MP: 0/27
   686 | D        | Reached ** piety under Vehumet
   686 | D        | Reached skill level 14 in Spellcasting
   734 | D        | Noticed an efreet
   734 | D        | Noticed a gargoyle
   736 | D        | Offered knowledge of Magic Dart by Vehumet.
   740 | D        | Reached *** piety under Vehumet
   742 | D        | Killed a gargoyle
   742 | D        | Reached skill level 15 in Spellcasting
   743 | D        | Killed an efreet
   743 | D        | Reached skill level 15 in Earth Magic
   743 | D        | Reached XP level 9. HP: 46/46 MP: 2/30
   922 | D        | Noticed Sonja
   924 | D        | Killed Sonja
   924 | D        | Offered knowledge of Inner Flame by Vehumet.
   924 | D        | Reached skill level 16 in Spellcasting
   929 | D        | Learned a level 3 spell: Inner Flame
  1015 | D        | Noticed a four-headed hydra
  1015 | D        | Noticed a komodo dragon
  1017 | D        | Offered knowledge of Static Discharge by Vehumet.
  1017 | D        | Reached **** piety under Vehumet
  1018 | D        | Reached skill level 17 in Spellcasting
  1019 | D        | Reached skill level 1 in Conjurations
  1020 | D        | Killed a four-headed hydra
  1027 | D        | Killed a komodo dragon
  1027 | D        | Reached skill level 18 in Spellcasting
  1027 | D        | Reached XP level 10. HP: 36/51 MP: 7/34
  1028 | D        | Reached ***** piety under Vehumet
  1242 | D        | Noticed a black mamba
  1245 | D        | Offered knowledge of Hailstorm by Vehumet.
  1246 | D        | Reached skill level 19 in Spellcasting
  1259 | D        | Killed a black mamba
  1317 | D        | Noticed an elephant
  1414 | D        | Killed an elephant
  1414 | D        | Offered knowledge of Orb of Destruction by Vehumet.
  1417 | D        | Noticed a five-headed hydra
  1483 | D        | Killed a five-headed hydra
  1483 | D        | Reached skill level 20 in Spellcasting
  1602 | D        | Noticed a cane toad
  1604 | D        | Reached ****** piety under Vehumet
  1606 | D        | Offered knowledge of Lightning Bolt by Vehumet.
  1609 | D        | Killed a cane toad
  1609 | D        | Reached skill level 1 in Staves
  1739 | D        | Reached XP level 11. HP: 55/55 MP: 34/37
  1887 | D        | Offered knowledge of Bolt of Magma by Vehumet.
  1887 | D        | Reached skill level 21 in Spellcasting
  2039 | D        | Offered knowledge of Yara's Violent Unravelling by Vehumet.
  2262 | D        | Offered knowledge of Iskenderun's Battlesphere by Vehumet.
  2434 | D        | Found Xuheok's Antique Weapon Emporium.
  2434 | D        | Noticed an orc sorcerer
  2434 | D        | Noticed an orc sorcerer
  2434 | D        | Noticed an orc high priest
  2434 | D        | Noticed an orc high priest
  2435 | D        | Noticed an orc high priest
  2438 | D        | Noticed a sun demon
  2439 | D        | Killed an orc sorcerer
  2439 | D        | Killed from afar by an orc sorcerer

Illustrated notes

Levels and vault maps discovered:
D:        linesprint [early_d, line_temple, items_1, d_10, items_2, lair_1,
          lair_end, items_3, orc_1, orc_end, items_4, d_15, swamp_1, shoals_1,
          snake_1, spider_1, d_20, vaults_1, items_5, swamp_end, shoals_end,
          snake_end, spider_end, vaults_end, d_27, items_6, zot_1, zot_end,
          crypt_end, forest_end, elf_end, slime_end, tomb_end, abyss_end,
          pan_hell_end]

Skill      XL: |  1  2  3  4  5  6  7  8  9 10 11 |
---------------+----------------------------------+-----
Earth Magic    | 4 7 8 10 13 15 17 18 19 | 19.2
Dodging        | 3 4 5 6 7 8 |  8.3
Spellcasting   | 4 6 7 10 13 15 18 20 21 | 21.7
Stealth        | 3 4 5 |  5.9
Conjurations   | 1 |  1.7
Transmutations | 3 |  3.6
Staves         | 1 |  1.0
Fighting       | |  0.8
Evocations     | |  0.6

Action                   |  1- 3 |  4- 6 |  7- 9 | 10-12 || total
-------------------------+-------+-------+-------+-------++-------
Melee: Quarterstaff      |       |       |       |     1 ||     1
Throw: Stone             |       |       |       |     1 ||     1
 Cast: Sandblast         |    10 |     9 |     1 |     1 ||    21
       Lee's Rapid Decon |       |     3 |    14 |    43 ||    60
       Stone Arrow       |       |       |     2 |    12 ||    14
       Petrify           |       |       |     2 |     9 ||    11
       Inner Flame       |       |       |       |     1 ||     1
Evoke: Wand              |       |     1 |       |     1 ||     2
  Use: Potion            |       |       |       |     1 ||     1
Armor: Robe              |     1 |     1 |       |     2 ||     4
Dodge: Dodged            |     8 |     5 |     5 |    10 ||    28

Table legend: (Time is in decaauts)
 A = Elapsed time spent in this place.
 B = Non-inter-level travel time spent in this place.
 C = Inter-level travel time spent in this place.
 D = Time resting spent in this place.
 E = Time spent auto-exploring this place.
 F = Levels seen in this place.
 G = Mean time per level.
                   A        B        C        D        E       F      G
               +--------+--------+--------+--------+--------+-----+--------+
         Total |   2437 |   2437 |      0 |   1709 |    198 |   1 | 2437.0 |
       Dungeon |   2437 |   2437 |      0 |   1709 |    198 |   1 | 2437.0 |
               +--------+--------+--------+--------+--------+-----+--------+

Top non-repeatable levels by time:
       D: 2437 daAuts
